 Dungeon Crawl Stone Soup version 0.19.1 (webtiles) character file.

3360 glosham the Grappler (level 9, -20/84 (85) HPs)
             Began as a Troll Berserker on Nov 30, 2016.
             Was a Priest of Trog.
             Demolished by a komodo dragon (29 damage)
             ... on level 1 of the Lair of Beasts.
             The game lasted 00:33:30 (1477 turns).

glosham the Grappler (Troll Berserker)              Turns: 1477, Time: 00:33:31

HP:   -20/84 (85)   AC:  9    Str: 27    XL:     9   Next: 73%
MP:   8/8           EV: 10    Int:  4    God:    Trog [***...]
Gold: 199           SH:  0    Dex: 11    Spells: 0 memorised, 8 levels left

rFire  . . .     SeeInvis .       - Unarmed
rCold  . . .     Gourm    +     a - +1 animal skin
rNeg   . . .     Faith    .     (no shield)
rPois  .         Spirit   .     (helmet restricted)
rElec  .         Reflect  .     Y - +2 cloak {MR+}
rCorr  .         Harm     .     (gloves unavailable)
MR     ++...                    (boots unavailable)
Stlth  +.........               (no amulet)
                                (no ring)
                                A - ring of protection from magic

@: exhausted, slowed, very slow
A: unfitting armour, claws 3, fast metabolism 3, gourmand, regeneration 1,
shaggy fur 1, tough skin 2
a: Berserk, Trog's Hand, Burn Spellbooks, Renounce Religion


You were on level 1 of the Lair of Beasts.
You worshipped Trog.
Trog was most pleased with you.
You were completely stuffed.

You visited 2 branches of the dungeon, and saw 10 of its levels.

You collected 199 gold pieces.

Inventory:

Missiles
 c - 78 stones
 e - 8 javelins (quivered)
 k - 3 large rocks
 l - 11 poisoned needles
 n - 3 steel tomahawks
Armour
 a - a +1 animal skin (worn)
 Y - a +2 cloak of magic resistance (worn)
Magical Staves
 m - an uncursed staff of wizardry {unknown}
Jewellery
 A - a ring of protection from magic (left claw)
Scrolls
 h - 4 scrolls of identify
Potions
 d - a potion of magic
 g - a potion of curing
 i - a potion of flight
Comestibles
 b - 4 bread rations
 f - a slice of pizza
 j - a royal jelly
 o - a chunk of flesh


   Skills:
 + Level 4.6 Fighting
 - Level 2.4 Dodging
 * Level 12.9 Unarmed Combat


You had 8 spell levels left.
You didn't know any spells.

Dungeon Overview and Level Annotations

Branches:
Dungeon (9/15)               Lair (1/6) D:9
 Temple: D:4-7          Orc: D:9-12

Altars:
Qazlal
Xom

Shops:
D:7 (!%


Innate Abilities, Weirdness & Mutations

You are too large for most types of armour.
You have claws for hands.
Your metabolism is lightning-fast.
You like to eat raw meat.
Your natural rate of healing is unusually fast.
You are covered in fur. (AC +1)
You have very tough skin. (AC +2)


Message History

You start eating the chunk of flesh.
This raw flesh tastes great.
You butcher the wolf corpse.
o - a chunk of flesh You see here a wolf skeleton.
A komodo dragon comes into view.
The komodo dragon hisses angrily.
You see here a wolf skeleton.
You completely miss the komodo dragon. The komodo dragon barely misses you.
You claw the komodo dragon!
The komodo dragon is lightly wounded.
The komodo dragon misses you.
You scratch the komodo dragon.
The komodo dragon is moderately wounded.
The komodo dragon bites you!!
You claw the komodo dragon! You claw the komodo dragon.
The komodo dragon is severely wounded.
The komodo dragon bites you.
You barely miss the komodo dragon.
The komodo dragon is severely wounded.
The komodo dragon bites you!!
You barely miss the komodo dragon.
The komodo dragon is severely wounded.
The komodo dragon closely misses you. The komodo dragon bites you.
Unknown command.
You scratch the komodo dragon but do no damage.
The komodo dragon is severely wounded.
The komodo dragon bites you!
* * * LOW HITPOINT WARNING * * *
You barely miss the komodo dragon.
The komodo dragon is severely wounded.
The komodo dragon bites you.
* * * LOW HITPOINT WARNING * * *
Okay, then.
Unknown command.
You scratch the komodo dragon but do no damage.
Your claw misses the komodo dragon.
The komodo dragon is severely wounded.
The komodo dragon bites you!!
You die...

...####......#
.............#
.............#
.............#
.............#
#..........# ###
##.........####...##.
#....<....l@.........
##.##.##..####.......
#...#..# .......
#...#..# .......
#.H.#..# .......
##P+#..# .......
......# ....###
......# .....


You could see a komodo dragon.

Vanquished Creatures
  A hill giant (D:7)
  Pikel (D:8)
  A two-headed ogre (D:8)
  4 hippogriffs
  3 orc warriors
  A sky beast (D:6)
  2 ogres (D:7)
  A necrophage (D:7)
  A centaur (D:3)
  4 wolves (Lair:1)
  A bullfrog (D:6)
  A scorpion (D:7)
  A crimson imp (D:7)
  A centaur skeleton (D:7)
  A hound (D:9)
  6 orc priests
  Crazy Yiuf (D:7)
  4 orc wizards
  2 worker ants
  A worker ant zombie (D:9)
  3 gnolls (D:3)
  4 adders
  An ooze (D:3)
  An adder skeleton (D:6)
  A worm (D:3)
  A dart slug (D:1)
  3 leopard geckos
  12 orcs
  A bat (D:3)
  2 giant cockroaches (D:3)
  A goblin (D:3)
  3 hobgoblins (D:3)
  A kobold (D:1)
  2 quokkas (D:7)
  2 ball pythons (D:3)
  3 frilled lizards
  3 rats
  3 fungi
85 creatures vanquished.

Notes
Turn   | Place    | Note
-------+----------+-------------------------------------------
     0 | D:1      | glosham the Troll Berserker began the quest for the Orb.
     0 | D:1      | Reached XP level 1. HP: 22/22 MP: 0/0
   153 | D:3      | Reached XP level 2. HP: 29/29 MP: 1/1
   192 | D:3      | Reached skill level 4 in Unarmed Combat
   202 | D:3      | Reached XP level 3. HP: 25/36 MP: 2/2
   281 | D:3      | Noticed a centaur
   293 | D:3      | Killed a centaur
   293 | D:3      | Reached skill level 5 in Unarmed Combat
   293 | D:3      | Reached XP level 4. HP: 18/44 MP: 3/3
   349 | D:3      | Reached XP level 5. HP: 47/50 MP: 4/4
   458 | D:3      | Reached skill level 6 in Unarmed Combat
   521 | D:3      | Reached ** piety under Trog
   636 | D:5      | Entered Level 5 of the Dungeon
   639 | D:5      | Reached XP level 6. HP: 55/59 MP: 5/5
   676 | D:6      | Reached skill level 7 in Unarmed Combat
   693 | D:6      | Found a shimmering altar of Xom.
   713 | D:6      | Noticed a sky beast
   728 | D:6      | Killed a sky beast
   798 | D:7      | Noticed an orc warrior
   826 | D:7      | Killed an orc warrior
   826 | D:7      | Reached skill level 8 in Unarmed Combat
   826 | D:7      | Reached XP level 7. HP: 51/66 MP: 6/6
   875 | D:7      | Found Iseonk's Food Emporium.
   890 | D:7      | Found Foag's Distillery.
   937 | D:7      | Noticed a hippogriff
   950 | D:7      | Killed a hippogriff
   950 | D:7      | Reached skill level 9 in Unarmed Combat
  1013 | D:7      | Noticed a hippogriff
  1019 | D:7      | Noticed a hill giant
  1023 | D:7      | Killed a hippogriff
  1023 | D:7      | Reached skill level 10 in Unarmed Combat
  1023 | D:7      | Reached XP level 8. HP: 66/74 MP: 7/7
  1029 | D:7      | Killed a hill giant
  1029 | D:7      | Reached skill level 11 in Unarmed Combat
  1117 | D:7      | Found Kadeupim's Antique Weapon Boutique.
  1173 | D:8      | Noticed Pikel
  1182 | D:8      | Noticed a two-headed ogre
  1182 | D:8      | Killed Pikel
  1182 | D:8      | Reached skill level 3 in Fighting
  1182 | D:8      | Reached skill level 12 in Unarmed Combat
  1182 | D:8      | Reached XP level 9. HP: 82/82 MP: 8/8
  1249 | D:9      | Reached *** piety under Trog
  1277 | D:8      | Found a stormy altar of Qazlal.
  1299 | D:9      | Reached skill level 4 in Fighting
  1337 | D:7      | Found a runed door.
  1341 | D:7      | Noticed Crazy Yiuf
  1344 | D:7      | Killed Crazy Yiuf
  1391 | D:9      | Found a staircase to the Lair.
  1432 | Lair:1   | Entered Level 1 of the Lair of Beasts
  1467 | Lair:1   | Noticed a komodo dragon
  1476 | Lair:1   | HP: 8/84 [komodo dragon (3)]
  1477 | Lair:1   | Demolished by a komodo dragon

Skill      XL: |  1  2  3  4  5  6  7  8  9 |
---------------+----------------------------+-----
Unarmed Combat | 4 5 6 8 10 12 | 12.9
Fighting       | 3 4 |  4.6
Dodging        | |  2.4

Action                   |  1- 3 |  4- 6 |  7- 9 || total
-------------------------+-------+-------+-------++-------
Melee: Unarmed           |    53 |    90 |   137 ||   280
       Punch             |     2 |     1 |     5 ||     8
Throw: Javelin           |     1 |     1 |       ||     2
Invok: Berserk           |       |     1 |     6 ||     7
  Use: Scroll            |     2 |     5 |     4 ||    11
 Stab: Sleeping          |       |       |     1 ||     1
  Eat: Chunk             |     5 |     7 |    14 ||    26
Armor: Animal skin       |     8 |    21 |    33 ||    62
Dodge: Dodged            |    26 |    33 |    60 ||   119

Table legend:
 A = Turns spent in this place as a percentage of turns spent in the entire game.
 B = Non-inter-level travel turns spent in this place as a percentage of non-inter-level travel turns spent in the entire game.
 C = Inter-level travel turns spent in this place as a percentage of turns spent in this place.
 D = Turns resting spent in this place as a percentage of non-inter-level travel turns spent in this place.
 E = Turns spent auto-exploring this place as a percentage of non-inter-level travel turns spent in this place.
 F = Non-inter-level travel turns spent in this place divided by the number of levels of this place that you've seen.
                   A       B       C       D       E      F
               +-------+-------+-------+-------+-------+----------------------
         Total | 100.0 | 100.0 |   0.2 |   0.5 |   0.0 | 128.4
       Dungeon |  96.6 |  96.6 |   0.2 |   0.5 |   0.0 | 137.8
          Lair |   3.4 |   3.4 |   0.0 |   0.0 |   0.0 |  44.0
               +-------+-------+-------+-------+-------+----------------------

Table legend:
 A = Kills in this place as a percentage of kills in entire the game.
 B = Kills by you in this place as a percentage of kills by you in the entire game.
 C = Kills by friends in this place as a percentage of kills by friends in the entire game.
 D = Other kills in this place as a percentage of other kills in the entire game.
 E = Experience gained in this place as a percentage of experience gained in the entire game.
 F = Experience gained in this place divided by the number of levels of this place that you have seen.
                   A       B       C       D       E      F
               +-------+-------+-------+-------+-------+----------------------
         Total | 100.0 | 100.0 |  -nan |  -nan | 100.0 | 480.0
       Dungeon |  93.9 |  93.9 |  -nan |  -nan |  85.5 | 455.8
          Lair |   6.1 |   6.1 |  -nan |  -nan |  14.5 | 698.0
               +-------+-------+-------+-------+-------+----------------------

Vault maps used:
D:1:      lightli_molten_gateway
D:2:      ecumenical_altar_1
D:3:      first_bread
D:5:      basic_altar, uniq_blork_the_orc
D:6:      lemuel_statue_altar, uniq_duvessa, uniq_prince_ribbit1
D:7:      kennysheep_big_flooded_room, serial_shops, nicolae_shop_statue_plus,
          nicolae_shop_competitors_out_of_business, shop, shop_fountains,
          st_stairs_3, uniq_crazy_yiuf_cottage
D:8:      basic_altar, serial_shops, nicolae_shop_stone, uniq_pikel
D:9:      dpeg_oklobed_lair
Lair:1:   pond, infiniplex_staircase_pool
